Map: Ghost River LE

Players

LiquidMaNa (MaNa)

  • Race: Protoss Protoss
  • League: Grandmaster
  • Spawn Location: 11:00

LiquidClem (Clem) - Winner!

  • Race: Terran Terran
  • League: Grandmaster
  • Spawn Location: 1:00

Event: HomeStory Cup XXV

VOD

Have the link to the VOD?

Description

Time

  • Played on: June 21, 2024, 6:55 a.m.
  • Length: 9:31

All games in this series

Show
View Real Time Build Order
Export as new Build Order

LiquidMaNa Protoss 

Build Orders: 1 Gate Expand, Oracle Opening, Phoenix Opening 

Get SALT Encoding   

  12  0:00  Probe  
  13  0:12  Probe  
  14  0:19  Pylon  
  14  0:24  Probe (Chrono Boost)  
  15  0:37  Gateway  
  15  0:38  Probe (Chrono Boost)  
  16  0:46  Assimilator, Probe (Chrono Boost)  
  17  0:52  Probe  
  18  1:04  Probe  
  19  1:16  Probe  
  20  1:24  Cybernetics Core  
  20  1:29  Probe  
  21  1:36  Nexus  
  21  1:44  Pylon  
  21  1:46  Probe  
  21  1:51  Assimilator  
  21  1:58  Probe  
  21  2:00  Adept (Chrono Boost)  
  24  2:11  Probe  
  25  2:18  Stargate  
  25  2:20  Adept (Chrono Boost)  
  25  2:23  Probe  
  28  2:34  Warp Gate  
  28  2:35  Probe  
  29  2:42  Adept  
  31  2:48  Probe (Chrono Boost)  
  31  2:50  Probe (Chrono Boost)  
  33  3:00  Probe (Chrono Boost)  
  33  3:05  Probe (Chrono Boost)  
  33  3:08  Oracle (Chrono Boost)  
  33  3:11  Probe  
  37  3:15  Adept  
  37  3:18  Probe  
  37  3:19  Shield Battery  
  40  3:23  Probe  
  41  3:30  Probe  
  41  3:32  Gateway  
  40  3:35  Probe  
  41  3:42  Probe  
  41  3:45  Stalker  
  41  3:47  Probe  
  44  3:49  Phoenix  
  44  3:53  Pylon  
  46  3:57  Pylon  
  46  4:00  Assimilator  
  46  4:10  Robotics Facility  
  46  4:11  Probe x2  
  46  4:14  Phoenix (Chrono Boost)  
  50  4:20  Assimilator  
  50  4:23  Probe x2  
  52  4:32  Stalker  
  52  4:35  Probe  
  52  4:36  Probe  
  56  4:38  Stalker  
  54  4:48  Probe  
  54  4:51  Probe  
  55  4:59  Stalker  
  53  5:01  Probe (Chrono Boost)  
  53  5:03  Probe (Chrono Boost)  
  54  5:15  Probe (Chrono Boost)  
  54  5:17  Probe (Chrono Boost)  
  54  5:19  Phoenix (Chrono Boost)  
  54  5:20  Probe (Chrono Boost)  
  56  5:24  Probe  
  56  5:25  Warp Prism  
  59  5:29  Probe  
  59  5:30  Pylon  
  60  5:36  Probe  
  60  5:41  Probe  
  61  5:48  Robotics Bay, Probe  
  62  5:50  Phoenix  
  62  5:54  Pylon  
  65  6:01  Immortal (Chrono Boost)  
  69  6:05  Sentry  
  69  6:09  Pylon  
  70  6:12  Probe x2  
  70  6:14  Pylon  
  70  6:17  Phoenix, Pylon  
  74  6:34  Pylon  
  74  6:37  Colossus (Chrono Boost)  
  80  6:45  Probe x2  
  80  6:48  Phoenix  
  80  6:51  Extended Thermal Lance  
  82  6:54  Pylon  
  82  7:01  Zealot x2  
  84  7:13  Phoenix  
  86  7:21  Colossus (Chrono Boost)  
  85  7:22  Probe x2  
  91  7:32  Zealot x2  
  91  7:34  Probe  
  96  7:43  Nexus  
  96  7:47  Pylon, Probe x2  
  98  7:54  Phoenix  
  100  8:00  Colossus (Chrono Boost)  
  100  8:02  Zealot  
  100  8:03  Pylon  
  108  8:06  Sentry  
  108  8:09  Pylon  
  97  8:27  Zealot  
  81  8:34  Zealot  
  81  8:39  Phoenix  
  81  8:41  Probe  
  86  8:44  Probe  
  87  8:48  Zealot  
  87  8:53  Probe  
  96  8:56  Zealot  
  96  8:59  Probe x2  
  96  9:01  Forge  
  99  9:04  Shield Battery  
  99  9:05  Probe  
  100  9:11  Probe  
  100  9:15  Zealot  
  87  9:21  Zealot  
Show
View Real Time Build Order
Export as new Build Order

LiquidClem Terran - Winner!

Build Orders: Cyclone Opening 

Get SALT Encoding   

  12  0:00  SCV  
  13  0:12  SCV  
  14  0:16  Supply Depot  
  14  0:24  SCV  
  15  0:38  SCV  
  15  0:40  Barracks  
  16  0:44  Refinery  
  16  0:50  SCV  
  17  1:02  SCV  
  18  1:14  SCV  
  19  1:27  Orbital Command, Marine  
  20  1:45  Command Center, Barracks Reactor  
  20  1:50  Supply Depot  
  20  1:53  SCV  
  21  2:05  SCV  
  21  2:07  Factory  
  22  2:11  Refinery  
  22  2:17  SCV  
  22  2:22  Marine x2  
  26  2:30  SCV  
  26  2:40  Marine x2  
  26  2:42  SCV  
  29  2:50  Cyclone  
  31  2:53  Starport  
  31  2:57  Orbital Command, SCV  
  32  3:01  Marine x2  
  33  3:09  SCV  
  33  3:21  Marine x2  
  33  3:22  SCV  
  33  3:23  SCV  
  36  3:27  Cyclone  
  36  3:29  Medivac  
  40  3:35  Supply Depot  
  40  3:36  SCV  
  40  3:38  SCV  
  40  3:39  Marine  
  40  3:40  Marine  
  43  3:48  SCV  
  43  3:50  SCV  
  43  3:51  Barracks  
  44  3:57  Marine  
  44  3:58  Marine  
  44  4:00  Cyclone  
  48  4:07  Liberator  
  48  4:09  SCV x2  
  53  4:15  Supply Depot  
  53  4:18  Barracks  
  53  4:22  SCV  
  53  4:24  Marine  
  53  4:25  Marine  
  53  4:28  SCV  
  53  4:34  SCV  
  53  4:35  Factory Tech Lab  
  54  4:51  Marine  
  54  4:52  Marine  
  54  4:57  SCV  
  54  4:58  SCV  
  54  4:59  Starport Tech Lab  
  52  5:06  Engineering Bay, Factory Reactor  
  52  5:07  Supply Depot, Refinery  
  52  5:08  Supply Depot, Marauder, Stimpack  
  54  5:17  Bunker  
  54  5:27  Supply Depot, Combat Shield, Starport Reactor  
  54  5:29  SCV x2, Marine x2, Marauder  
  54  5:32  Terran Infantry Weapons Level 1  
  60  5:36  Marauder  
  60  5:41  SCV x2  
  62  5:46  Supply Depot  
  62  5:47  Widow Mine x2  
  62  5:48  Marine x2  
  66  5:52  Marauder  
  66  5:53  SCV x2  
  70  5:58  Marauder  
  70  6:02  Supply Depot  
  70  6:03  Medivac  
  74  6:05  SCV x2, Medivac  
  74  6:08  Marine x2  
  80  6:13  Refinery  
  80  6:17  Supply Depot, SCV x2  
  82  6:27  Command Center  
  82  6:30  SCV x2  
  84  6:33  Supply Depot  
  84  6:35  Marine x3  
  84  6:40  Medivac  
  84  6:44  Medivac  
  84  6:45  SCV  
  88  6:47  SCV  
  88  6:50  Marauder  
  91  6:54  Marine x2  
  91  6:56  Marauder  
  91  6:58  SCV, Concussive Shells  
  91  7:00  SCV  
  97  7:07  Barracks  
  97  7:09  Barracks  
  97  7:13  Viking  
  97  7:14  SCV  
  97  7:15  Marine  
  98  7:16  Marine  
  98  7:20  Marauder  
  98  7:22  SCV  
  103  7:26  SCV, Widow Mine  
  103  7:27  Widow Mine  
  108  7:33  Terran Infantry Armor Level 1  
  108  7:34  Supply Depot  
  108  7:35  Medivac  
  107  7:37  Marine x2  
  107  7:41  Orbital Command  
  107  7:42  SCV  
  110  7:45  SCV  
  110  7:49  Marauder x2  
  114  7:53  Supply Depot  
  114  7:54  SCV  
  114  7:56  Marine, Widow Mine  
  114  7:57  Widow Mine  
  120  7:58  Barracks Tech Lab  
  120  7:59  Barracks Reactor  
  120  8:01  Orbital Command  
  120  8:08  Marine  
  120  8:09  Supply Depot, SCV  
  120  8:11  Marauder  
  124  8:19  Viking x2  
  128  8:22  SCV, Marauder  
  128  8:24  Marauder  
  128  8:26  Marine  
  131  8:29  SCV  
  131  8:33  Marauder  
  118  8:36  Widow Mine x2  
  118  8:37  Marine x2  
  118  8:38  SCV  
  118  8:39  SCV  
  117  8:42  Marine  
  117  8:43  Marauder  
  117  8:47  Engineering Bay  
  118  8:48  Marine  
  118  8:49  SCV, Armory  
  118  8:50  SCV  
  118  8:52  SCV  
  118  8:55  Viking  
  120  8:57  Viking  
  120  8:59  Widow Mine  
  120  9:00  Widow Mine  
  126  9:04  Marine x2  
  126  9:05  Marine  
  126  9:08  Marauder  
  119  9:21  Supply Depot, Ghost Academy  
  119  9:23  Refinery  
Tags
 
Add a new tag
Caveats
  • Supply blocks, unpowered buildings, or Contaminate may cause inaccurate times.
  • Supply counts are checked every 10 seconds.